 Dungeon Crawl Stone Soup version 0.30-a0-354-g6b83867211 (webtiles) character file.

Game seed: 12610523835312915065

8596 Maxmaps the Spear-Bearer (level 11, 0/86 HPs)
             Began as a Demonspawn Gladiator on Nov 7, 2022.
             Was an Initiate of Gozag.
             Succumbed to an ogre mage's poison
             ... on level 10 of the Dungeon.
             The game lasted 00:15:12 (9247 turns).

Maxmaps the Spear-Bearer (Demonspawn Gladiator)     Turns: 9247, Time: 00:15:14

Health: 0/86       AC: 19    Str: 15    XL:     11   Next: 12%
Magic:  20/20      EV: 12    Int: 19    God:    Gozag
Gold:   1626       SH:  5    Dex: 15    Spells: 10/10 levels left

rFire   + + .      SeeInvis .    C - +0 spear (venom)
rCold   + . .      Faith    .    q - +0 buckler
rNeg    . . .      Spirit   .    o - +0 troll leather armour {Pargi}
rPois   +          Reflect  .    c - +1 helmet
rElec   +          Harm     .    A - +1 cloak
rCorr   +          Rampage  .    (no gloves)
Will    .....                    (no boots)
Stlth   +.........               s - amulet of regeneration
HPRegen 1.94/turn                x - +6 ring of intelligence
MPRegen 0.17/turn                y - ring of magical power

@: mighty, lethally poisoned (0 -> -14), resistant, sanguine armoured, hasted,
very quick
A: ignite blood 1, powered by pain 2, sanguine armour 2, weakness stinger 1,
fire resistance 1, mutation resistance 1
a: Renounce Religion, Potion Petition, Call Merchant, Bribe Branch


You were on level 10 of the Dungeon.
You worshipped Gozag.
Gozag was most pleased with you.
You visited 2 branches of the dungeon, and saw 11 of its levels.
You also visited: Sewer and Bailey.

You collected 2210 gold pieces.
You paid 584 gold pieces to Gozag.

Inventory:

Hand Weapons
 a - a +1 trident
 C - a +0 spear of venom (weapon)
Missiles
 d - 4 throwing nets (quivered)
 e - a javelin
Armour
 c - a +1 helmet (worn)
 o - a +0 troll leather armour (worn) {Pargi}
 q - a +0 buckler (worn)
 A - a +1 cloak (worn)
 E - a +3 plate armour of poison resistance
Jewellery
 h - a ring of fire
 s - an amulet of regeneration (around neck)
 x - a +6 ring of intelligence (left hand)
 y - a ring of magical power (right hand)
Wands
 u - a wand of polymorph (22)
 v - a wand of paralysis (13)
 B - a wand of iceblast (7)
 G - a wand of flame (8)
Scrolls
 f - 3 scrolls of teleportation
 g - 2 scrolls of blinking
 l - 3 scrolls of enchant weapon
 n - 3 scrolls of fog
 p - a scroll of amnesia
 r - 6 scrolls of identify
 t - a scroll of silence
 w - a scroll of vulnerability
 H - a scroll of torment
 I - a scroll of noise {unknown}
Potions
 i - a potion of degeneration
 k - a potion of curing
 m - 2 potions of attraction
 z - a potion of might
 F - a potion of brilliance
Miscellaneous
 b - a phial of floods
 D - a lightning rod (4/4)


   Skills:
 - Level 8.0 Fighting
 + Level 9.7 Polearms
 - Level 1.7 Throwing
 - Level 9.1 Armour
 - Level 3.2 Dodging
 - Level 5.4 Shields


You had 10 spell levels left.
You didn't know any spells.
Your spell library contained the following spells:

 Spells                   Type           Power      Damage    Failure   Level
 Sandblast                Erth           0%         2d4       30%         1
 Passwall                 Tmut/Erth      0%         N/A       43%         2
 Gell's Gravitas          Tloc           0%         N/A       67%         3
 Ignite Poison            Fire/Tmut/Pois 0%         N/A       67%         3
 Stone Arrow              Conj/Erth      0%         3d7       67%         3
 Teleport Other           Tloc           0%         N/A       67%         3
 Irradiate                Conj/Tmut      0%         3d11      100%        5
 Dispersal                Tloc           0%         N/A       100%        6
 Statue Form              Tmut/Erth      0%         N/A       100%        6


Dungeon Overview and Level Annotations

Branches:
Dungeon (10/15)            Temple (1/1) D:6           Sewer (visited)
 Bailey (visited)
   Lair: D:8-11         Orc: D:9-12

Altars:
Ashenzari
Cheibriados
Dithmenos
Fedhas
Gozag
Hepliaklqana
Kikubaaqudgha
Makhleb
Nemelex Xobeh
Okawaru
Qazlal
Ru
Sif Muna
Trog
Uskayaw
Vehumet
Wu Jian
Xom
Yredelemnul

Annotations:
D:8 3 runed translucent doors, baller8008's ghost, novice TrFi
D:9 2 runed translucent doors, Tocho's ghost, novice KoEn
Temple 2 transporters


Innate Abilities, Weirdness & Mutations

Your demonic aura sometimes causes spilled blood to erupt in flames.
You sometimes gain power by taking damage.
When seriously injured, your blood forms thick armour. (AC +9)
You have a small tail.
Your flesh is heat resistant. (rF+)
You are somewhat resistant to further mutation.


Message History

The meliai hits your wyvern with a +0 hand axe.
The meliai stings you but does no damage.
Your wyvern barely misses the meliai.
Your shadow hits the meliai!
A kobold brigand comes into view.
It is wielding a +0 short sword and quivering curare-tipped darts.
The boulder beetle bites your shadow!
Your shadow is destroyed!
Your shadow dissolves into shadows!
The orc knight hits your wyvern with a +0 battleaxe!!
Your wyvern dies!
Your wyvern's corpse dissolves into shadows!
A wyvern comes into view.
The meliai hits you but does no damage.
The meliai stings you but does no damage.
You feel very sick.
The meliai calls down the wrath of its god upon you.
Something smites you!
* * * LOW HITPOINT WARNING * * *
You focus on the pain.
You feel very mighty all of a sudden.
The shadow slips into darkness.
The shadow flickers and vanishes!
Deactivating autopickup; reactivate with Ctrl-A.
The ogre mage hits you with a +1 whip of venom.
* * * LOW HITPOINT WARNING * * *
You are more poisoned.
The meliai hits you but does no damage.
The meliai hits your orc with a +0 hand axe!
Your orc dies!
Your orc's corpse dissolves into shadows!
The meliai stings you but does no damage.
You can move again.
Unknown command. [a] - 200 gold - resistance [b] - 648 gold - resistance, might and haste [c] - 504 gold - resistance, might and haste Purchase which effect?
You feel protected.
You feel mightier all of a sudden.
You feel yourself speed up.
You die...
Your body crumbles into a pile of gold.

######...###..#.#######.#
........##[##.#.#####...
....#....'.#)...##....#
......#.##.##.#..#.#..#
.....####...####......#
....##[.......$##...#.#
#..#
####...######....#####
#.# ##.## ##.#...... ..
#@# #....##### .##
#.Oyo.# ##.#..## ..
#.B...# ####..# #+#.##
......Wl. ##.# .....####
.##.....##. ####..#
......#.##. #..{Y.#
.##.#..## .........#
###K### #.....#
........## #.# ##..#.##
.........## ##......+


You could see a boulder beetle, an orc knight, an ogre mage (very poisoned), a
yak, a wyvern, a kobold brigand, a shadow and a meliai.

Vanquished Creatures
  4 two-headed ogres
  2 trolls (D:9)
  A yak (D:8)
  A steam dragon (D:8)
  A vampire mosquito (D:10)
  Menkaure (D:4)
  Pargi (Sewer)
  5 orc warriors
  2 black bears
  2 ice beasts (D:7)
  4 sky beasts
  4 centaurs
  2 ogres
  2 phantoms
  10 kobold brigands
  2 bullfrogs
  A necrophage (D:5)
  3 gnoll sergeants
  5 scorpions
  4 wights (D:8)
  16 killer bees
  2 howler monkeys (D:8)
  3 orc priests
  3 gnoll boudas
  2 jellies
  Jessica (D:3)
  5 orc wizards
  Natasha (thrice) (D:2)
  3 iguanas
  27 gnolls
  6 adders
  A shadow imp (D:7)
  4 worms
  3 dart slugs
  26 orcs
  7 endoplasms
  11 giant cockroaches
  10 goblins
  9 hobgoblins
  7 jackals
  27 kobolds
  8 quokkas
  9 ball pythons
  9 bats
  5 frilled lizards
  9 rats
273 creatures vanquished.

Vanquished Creatures (others)
  An orc wizard (D:7)
  2 plants (D:8)
3 creatures vanquished.

Grand Total: 276 creatures vanquished

Notes
Turn   | Place    | Note
-------+----------+-------------------------------------------
     0 | D:1      | Maxmaps the Demonspawn Gladiator began the quest for the
                  | Orb.
     0 | D:1      | Reached XP level 1. HP: 16/16 MP: 1/1
   118 | D:1      | Gained mutation: When seriously injured, your blood forms
                  | armour. (AC +9) [demonic ancestry]
   118 | D:1      | Reached XP level 2. HP: 23/23 MP: 2/2
   323 | D:1      | Gained mutation: You have a small tail. [demonic ancestry]
   323 | D:1      | Reached XP level 3. HP: 29/29 MP: 3/3
   778 | D:2      | Noticed Natasha
   786 | D:2      | Killed Natasha
   787 | D:2      | Gained mutation: When seriously injured, your blood forms
                  | thick armour. (AC +9) [demonic ancestry]
   787 | D:2      | Reached XP level 4. HP: 38/38 MP: 4/4
   875 | D:2      | Noticed Natasha
   883 | D:2      | Killed Natasha
   884 | D:2      | Reached skill level 5 in Fighting
   898 | D:2      | Noticed Natasha
   905 | D:2      | Killed Natasha
   906 | D:2      | Reached XP level 5. HP: 22/44 MP: 5/5
  1218 | D:2      | Found a faded altar of an unknown god.
  1577 | D:3      | Identified the +5 rapier "Putsiy" {drain, *Noise Str+7
                  | Int+3 Stlth+}
  1626 | D:3      | Found Qeschueje's Assorted Antiques.
  1973 | D:3      | Reached XP level 6. HP: 23/53 MP: 6/6
  2179 | D:3      | Noticed Jessica
  2188 | D:3      | Killed Jessica
  2730 | D:4      | Found a glowing drain.
  2755 | Sewer    | Entered a sewer
  2851 | Sewer    | Got the Secrets of Sculpting
  2890 | Sewer    | Noticed Pargi
  2910 | Sewer    | Gained mutation: You are somewhat resistant to further
                  | mutation. [potion of mutation]
  2910 | Sewer    | Gained mutation: Your flesh is heat resistant. (rF+)
                  | [potion of mutation]
  2929 | Sewer    | Killed Pargi
  2930 | Sewer    | Gained mutation: Your demonic aura sometimes causes spilled
                  | blood to erupt in flames. [demonic ancestry]
  2930 | Sewer    | Reached XP level 7. HP: 30/62 MP: 7/7
  3397 | D:4      | Noticed Menkaure
  3406 | D:4      | Killed Menkaure
  3670 | D:4      | Found a basalt altar of Yredelemnul.
  3742 | D:5      | Entered Level 5 of the Dungeon
  3962 | D:5      | Gained mutation: You sometimes gain a little power by
                  | taking damage. [demonic ancestry]
  3962 | D:5      | Reached XP level 8. HP: 58/68 MP: 8/8
  4009 | D:5      | Reached skill level 5 in Armour
  4647 | D:5      | Found a sparkling altar of Nemelex Xobeh.
  4891 | D:6      | Found a staircase to the Ecumenical Temple.
  4909 | Temple   | Entered the Ecumenical Temple
  4909 | Temple   | Found a transporter.
  4909 | Temple   | Found a transporter.
  4911 | Temple   | Found a transporter.
  4911 | Temple   | Found a transporter.
  4929 | Temple   | Became a worshipper of Gozag Ym Sagoz the Greedy
  5746 | D:6      | Found a hide-covered altar of Uskayaw.
  5746 | D:6      | Found a shadowy altar of Dithmenos.
  5901 | D:7      | Reached XP level 9. HP: 37/74 MP: 9/9
  6550 | D:7      | Reached skill level 1 in Shields
  6863 | D:8      | Noticed a two-headed ogre
  6891 | D:8      | Killed a two-headed ogre
  6892 | D:8      | Reached skill level 5 in Shields
  6906 | D:8      | Found a flagged portal.
  6927 | Bailey   | Entered a bailey
  7030 | Bailey   | Gained mutation: You sometimes gain power by taking damage.
                  | [demonic ancestry]
  7030 | Bailey   | Reached XP level 10. HP: 53/80 MP: 10/10
  7097 | Bailey   | Found an iron altar of Okawaru.
  7185 | D:8      | Reached skill level 5 in Polearms
  7201 | D:8      | Noticed a two-headed ogre
  7248 | D:8      | Killed a two-headed ogre
  7416 | D:8      | Found a runed translucent gate.
  7416 | D:8      | Found a runed translucent gate.
  7416 | D:8      | Found a runed translucent gate.
  7416 | D:8      | Noticed baller8008's ghost (novice TrFi)
  7416 | D:8      | Noticed a nine-headed hydra
  7417 | D:8      | Noticed an 11-headed hydra
  7778 | D:8      | Noticed a two-headed ogre
  7795 | D:8      | Killed a two-headed ogre
  8168 | D:9      | Paralysed by a kobold for 5 turns
  8343 | D:9      | Found a large runed translucent door.
  8343 | D:9      | Found a large runed translucent door.
  8348 | D:9      | Noticed Tocho's ghost (novice KoEn)
  8718 | D:9      | Reached XP level 11. HP: 50/86 MP: 11/11
  8765 | D:9      | Noticed a two-headed ogre
  8777 | D:9      | Killed a two-headed ogre
  9090 | D:10     | Entered Level 10 of the Dungeon
  9238 | D:10     | Noticed an ogre mage
  9241 | D:10     | Noticed an orc knight
  9241 | D:10     | Noticed a boulder beetle
  9243 | D:10     | Paralysed by an ogre mage for 3 turns
  9247 | D:10     | Succumbed to an ogre mage's poison

Illustrated notes

Levels and vault maps discovered:
D:1:      dpeg_arrival_simpleton_b, layout_rooms
D:2:      layout_loops_cross, hellmonk_ecumenical_altar_heavens_door,
          palyth_stone_intersect, minmay_bisected, uniq_natasha
D:3:      layout_basic, serial_shops, nicolae_shop_overgrown_old_shop,
          uniq_jessica
D:4:      layout_basic, mainiacjoe_overflow_alcove_1, portal_sewer_entry_f,
          grunt_ministairs_13, uniq_menkaure
D:5:      layout_basic, elyvilon_altar_4, mainiacjoe_overflow_alcove_4
D:6:      layout_rooms, minitemple, minmay_temple_entry_sparse_star,
          minmay_misc_feat_columns
D:7:      layout_loops_corners
D:8:      minmay_s_stair_smasher, layout_rooms, enter_bailey_3,
          gammafunk_ghost_hydra_chop
D:9:      layout_stronghold, ebering_ghost_disaster_area, kennysheep_dice
D:10:     layout_loops_corners, erik_lair_orcish_takeover, orc_0_dummy,
          minmay_misc_feat_hallway, minmay_fractal_squares_gapless_7
Temple:   hellmonk_temple_divided_pantheon

Skill      XL: |  1  2  3  4  5  6  7  8  9 10 |
---------------+-------------------------------+-----
Fighting       | 3 4 5 6 8 |  8.0
Armour         | 4 8 9 |  9.1
Dodging        | 3 |  3.2
Shields        | 5 |  5.4
Polearms       | 3 9 |  9.7
Throwing       | |  1.7

Action                   |  1- 3 |  4- 6 |  7- 9 | 10-12 || total
-------------------------+-------+-------+-------+-------++-------
Melee: Trident           |   122 |   296 |   416 |       ||   834
       Tailslap          |     6 |    25 |    54 |    70 ||   155
       Punch             |       |     3 |     2 |       ||     5
       Spear             |       |       |    70 |   440 ||   510
Invok: Potion Petition   |       |       |       |     1 ||     1
  Use: Potion            |       |     7 |     3 |     2 ||    12
       Scroll            |       |    11 |     6 |     3 ||    20
 Stab: Sleeping          |       |       |     2 |       ||     2
Armor: Leather armour    |    48 |    24 |       |       ||    72
       Ring mail         |       |   116 |       |       ||   116
       Troll leather arm |       |       |   214 |   122 ||   336
Dodge: Dodged            |    70 |   184 |   343 |   210 ||   807
Block: Buckler           |       |       |    45 |   105 ||   150

Table legend: (Time is in decaauts)
 A = Elapsed time spent in this place.
 B = Non-inter-level travel time spent in this place.
 C = Inter-level travel time spent in this place.
 D = Time resting spent in this place.
 E = Time spent auto-exploring this place.
 F = Levels seen in this place.
 G = Mean time per level.
                   A        B        C        D        E       F      G
               +--------+--------+--------+--------+--------+-----+--------+
         Total |   9285 |   8945 |    340 |    409 |   6163 |  13 |  714.2 |
       Dungeon |   8606 |   8266 |    340 |    309 |   5861 |  10 |  860.6 |
        Temple |    144 |    144 |      0 |    100 |      6 |   1 |  144.0 |
         Sewer |    298 |    298 |      0 |      0 |    210 |   1 |  298.0 |
        Bailey |    236 |    236 |      0 |      0 |     85 |   1 |  236.0 |
               +--------+--------+--------+--------+--------+-----+--------+

Top non-repeatable levels by time:
     D:3: 1152 daAuts
     D:5: 1114 daAuts
     D:9: 1111 daAuts
     D:7: 1093 daAuts
     D:4: 955 daAuts
     D:2: 899 daAuts
     D:8: 792 daAuts
     D:6: 748 daAuts
     D:1: 593 daAuts
   Sewer: 298 daAuts
  Bailey: 236 daAuts
  Temple: 144 daAuts
    D:10: 143 daAuts
